 Dungeon Crawl Stone Soup version 0.29.1-2-gbd0b4ee654 (webtiles) character file.

Game seed: 15632760989807777855

40 qeuew the Sneak (level 3, -2/16 HPs)
             Began as a Spriggan Enchanter on Nov 11, 2022.
             Slain by a gnoll
             ... wielding a +0 halberd
              (11 damage)
             ... on level 2 of the Dungeon.
             The game lasted 00:01:43 (1192 turns).

qeuew the Sneak (Spriggan Enchanter)                Turns: 1192, Time: 00:01:43

Health: -2/16      AC:  3    Str:  4    XL:     3   Next: 30%
Magic:  0/8        EV: 19    Int: 16    God:
Gold:   88         SH:  0    Dex: 23    Spells: 6/8 levels left

rFire   . . .      SeeInvis +   a - +2 dagger
rCold   . . .      Faith    .   (no shield)
rNeg    . . .      Spirit   .   b - +1 robe
rPois   .          Reflect  .   (helmet restricted)
rElec   .          Harm     .   (no cloak)
rCorr   +          Rampage  .   (gloves unavailable)
Will    .....                   (boots unavailable)
Stlth   +++.......              (no amulet)
HPRegen 0.05/turn               i - ring of resist corrosion
MPRegen 0.11/turn               k - +6 ring of dexterity

@: very quick
A: very small, no large weapons, unfitting armour, see invisible, speed 3
a: no special abilities


You were on level 2 of the Dungeon.
You visited 1 branch of the dungeon, and saw 2 of its levels.

You collected 88 gold pieces.

Inventory:

Hand Weapons
 a - a +2 dagger (weapon)
Armour
 b - a +1 robe (worn)
Jewellery
 i - a ring of resist corrosion (left hand)
 k - a +6 ring of dexterity (right hand)
Scrolls
 d - a scroll of identify
 n - 2 scrolls of blinking
Potions
 c - 2 potions of invisibility
 g - a potion of might


   Skills:
 + Level 1.8 Short Blades
 + Level 3.3 Dodging
 + Level 4.9 Stealth
 + Level 3.1 Spellcasting
 + Level 4.0 Hexes


You had 6 spell levels left.
You knew the following spells:

 Your Spells              Type           Power      Damage    Failure   Level
a - Ensorcelled Hibernat  Hex/Ice        18%        N/A       12%         2

Your spell library contained the following spells:

 Spells                   Type           Power      Damage    Failure   Level
 Confusing Touch          Hex            15%        N/A       11%         3
 Tukima's Dance           Hex            15%        N/A       11%         3
 Dazzling Flash           Conj/Hex       18%        N/A       24%         3


Dungeon Overview and Level Annotations

Branches:
Dungeon (2/15)

Altars:
Makhleb

Shops:
D:2 =


Innate Abilities, Weirdness & Mutations

You are very small and have problems with some larger weapons.
You are too small for most types of armour.
You have supernaturally acute eyesight. (SInv)
You cover ground extremely quickly. (Speed+++)


Message History

You impale the gnoll!!
You kill the gnoll!
The gnoll barely misses you.
Your Hexes skill increases to level 4!
You have reached level 3!
Your experience leads to an increase in your attributes!
Your base attributes are Str 4, Int 16, Dex 15.
Increase (S)trength, (I)ntelligence, or (D)exterity?
You feel agile. x2
Things that are here:
a +0 club; a gnoll corpse You hit the gnoll.
The gnoll is severely wounded.
The gnoll closely misses you. The gnoll completely misses you.
You hit the gnoll.
The gnoll is almost dead.
The gnoll hits you from afar with a +0 halberd.
The gnoll closely misses you.
You hit the gnoll.
You kill the gnoll!
The gnoll closely misses you.
You see here a +0 halberd.
You hit the gnoll but do no damage. The gnoll misses you.
You hit the gnoll.
The gnoll is lightly wounded.
The gnoll completely misses you.
You hit the gnoll.
The gnoll is heavily wounded.
The gnoll misses you.
Aiming: Ensorcelled Hibernation (safe; 12% risk of failure)
Press: ? - help, Q - select action Shift-Dir - straight line, f - gnoll
Aim: a gnoll, wielding a +0 halberd (heavily wounded, chance to affect: 51%)
The gnoll resists with some effort.
The gnoll barely misses you.
Unknown command.
You closely miss the gnoll.
The gnoll is heavily wounded.
The gnoll hits you with a +0 halberd!
Ouch! That really hurt!
You die...

..._..#.#
.....#.# .
.......#.#
##........# #
#.........#
##.###.........#
........).......
.######...g######
.........#@# #.
.####..)..#)#
#.#######
..∩.......#.#
#.......##
####.....#.#
#......#
####.##.#
#.#.#.#..###
#....##.#
#.#.........
#.#####.#
#.#.#.#..### #.#
#.# #.#<#.#..# #
#.# #.#
#.###.#..###


You could see a gnoll.

Vanquished Creatures
  2 gnolls (D:2)
  3 bats (D:1)
  3 endoplasms (D:1)
  A giant cockroach (D:2)
  2 goblins (D:1)
  A hobgoblin (D:1)
  2 ball pythons (D:1)
  A frilled lizard (D:1)
  4 kobolds
  3 rats (D:1)
22 creatures vanquished.

Vanquished Creatures (others)
  4 toadstools (D:1)
4 creatures vanquished.

Grand Total: 26 creatures vanquished

Notes
Turn   | Place    | Note
-------+----------+-------------------------------------------
     0 | D:1      | qeuew the Spriggan Enchanter began the quest for the Orb.
     0 | D:1      | Reached XP level 1. HP: 9/9 MP: 5/5
   349 | D:1      | Reached XP level 2. HP: 13/13 MP: 6/6
   352 | D:1      | Learned a level 2 spell: Ensorcelled Hibernation
   692 | D:1      | Found a faded altar of an unknown god.
  1152 | D:2      | Found Hoph's Jewellery Shoppe.
  1157 | D:2      | Found a burning altar of Makhleb.
  1183 | D:2      | Reached XP level 3. HP: 14/16 MP: 1/8
  1192 | D:2      | Slain by a gnoll

Illustrated notes

Levels and vault maps discovered:
D:1:      ldierk_walled_garden_2, layout_basic,
          shapermc_ecumenical_altar_hornbeckon, dk_noncrumbling_4
D:2:      layout_basic, serial_shops, shop, basic_altar,
          kennysheep_small_spiral, uniq_robin

Skill      XL: |  1  2 |
---------------+-------+-----
Dodging        | 3 |  3.3
Spellcasting   | 3 |  3.1
Hexes          | 4 |  4.0
Short Blades   | |  1.8
Stealth        | |  4.9

Action                   || total
-------------------------++-------
Melee: Dagger            ||    75
 Cast: Ensorcelled Hiber ||     4
  Use: Scroll            ||     7
       Potion            ||     1
 Stab: Sleeping          ||     6
Armor: Robe              ||     7
Dodge: Dodged            ||    71
